AoeStats
← Chlupinek

African Clearing

505325864Analyzed
4v4 RM · 22d ago on Sep 8, 2026· 15m 45s· 8 players
Game mode
Random Map
Map size
Large (8 player)
Population
200
Speed
Normal
Resources
Standard
Victory
Conquest
Starting age
Dark Age
Ending age
Imperial Age
RankedLock teamsTeams togetherTeam positionsShared explorationLock speedFull tech treeHidden civsTurbo modeCheats
Victory
Defeat
🇩🇴 Goths · Dominican Republic
1821
+8
🇨🇳 Berbers · China
1486
+21
🇨🇳 Georgians · China
1437
+24
🇨🇱 Vietnamese · Chile
1389
+26
🇲🇽 Georgians · Mexico
1668
-22
🇨🇿 Spanish · Czechia
1614
-20
🇨🇴 Mongols · Colombia
1609
-19
🇺🇾 Gurjaras · Uruguay
1570
-18
EL MAYA
14:30 Feudal Age
14:46 Loom
Chlupinek
11:53 Feudal Age
10:09 Loom
16:20 Castle Age
15:32 Double-Bit Axe
[LdS]Nestoter
6:14 Loom
12:57 Feudal Age
FreakingDanny
13:33 Feudal Age
17:52 Castle Age
URU | KING RICO
2:46 Loom
15:05 Feudal Age
15:13 Man-at-Arms
15:43 Double-Bit Axe
02288
10:23 Loom
13:34 Feudal Age
18:13 Castle Age
老狐狸
13:56 Feudal Age
17:44 Castle Age
Diegote
10:11 Loom
12:41 Feudal Age
Connection lost

Rejoining the realm…

Still unreachable

The connection could not be restored.

Session expired

The server has moved on; the page needs a fresh start.